 Dungeon Crawl Stone Soup version 0.18-a0-1071-g9f02aef (console) character file.

163 FIQ the Cutter (level 5, 0/28 HPs)
             Began as a Vine Stalker Fighter on Jan 14, 2016.
             Slain by an orc
             ... wielding a +0 flail
              (3 damage)
             ... on level 3 of the Dungeon.
             The game lasted 00:03:22 (2027 turns).

FIQ the Cutter (Vine Stalker Fighter)               Turns: 2027, Time: 00:03:22

Health: 0/28       AC:  6    Str: 24    XL:     5   Next: 44%
Magic:  0/6        EV:  7    Int:  9    God:
Gold:   81         SH:  9    Dex: 13    Spells: 0 memorised, 4 levels left

rFire  . . .     SeeInvis .     a - +0 rapier
rCold  + . .     Gourm    .     b - +0 scale mail
rNeg   . . .     Faith    .     c - +0 shield
rPois  .         Spirit   +     (no helmet)
rElec  .         Dismiss  .     (no cloak)
rCorr  .         Reflect  .     (no gloves)
SustAt .         Harm     .     (no boots)
MR     .....                    (no amulet)
Stlth  +.........               n - ring of protection from cold
                                k - ring of stealth

@: mighty, drained, not resistant to hostile enchantments, very unstealthy
A: fangs 2, regeneration 1, magic shield, antimagic bite, no device heal 3, rot
immunity
a: no special abilities


You were on level 3 of the Dungeon.
You were not hungry.

You visited 1 branch of the dungeon, and saw 3 of its levels.

You collected 81 gold pieces.

Inventory:

Hand Weapons
 a - a +0 rapier (weapon)
Armour
 b - a +0 scale mail (worn)
 c - a +0 shield (worn)
Jewellery
 k - a ring of stealth (left hand)
 n - a ring of protection from cold (right hand)
Scrolls
 e - a scroll of teleportation {unknown}
 g - a scroll of recharging {unknown}
 i - a scroll of amnesia {unknown}
 m - 2 scrolls of identify {unknown}
 o - a scroll of immolation {unknown}
Potions
 h - a potion of curing {unknown}
 j - 2 potions of invisibility {unknown}
 p - a potion of ambrosia {unknown}
Comestibles
 f - 2 bread rations
 l - 2 chunks of flesh


   Skills:
 + Level 3.4(2.9) Fighting
 * Level 3.6(3.1) Short Blades
 + Level 2.9(2.4) Armour
 + Level 3.1(2.6) Shields


You had 4 spell levels left.
You didn't know any spells.

Dungeon Overview and Level Annotations

Branches:
Dungeon (3/15)

Altars:
Fedhas


Innate Abilities, Weirdness & Mutations

You have extremely sharp teeth.
Your natural rate of healing is unusually fast.
When hurt, damage is shared between your health and your magic reserves.
Your bite disrupts and absorbs the magic of your enemies.
Potions and wands cannot restore your health.
You are immune to rotting.


Message History

You puncture the orc!
You kill the orc!
You completely miss the orc. The orc hits you with a flail.
* * * LOW HITPOINT WARNING * * *
You are too injured to fight recklessly!
You are too injured to fight recklessly!
You are too injured to fight recklessly!
You are too injured to fight recklessly!
You closely miss the orc. You block the orc's attack.
Your shield and scale mail prevent you from hitting the orc.
The orc hits you with a flail!
* * * LOW HITPOINT WARNING * * *
You hit the orc. Your bite misses the orc.
The orc is moderately wounded.
The orc hits you with a flail.
* * * LOW HITPOINT WARNING * * *
You barely miss the orc. You bite the orc. You drain its power.
You feel invigorated.
The orc is moderately wounded.
The orc hits you with a flail.
You die...

##.. ##########.....
########..............
##....................
>...####(.............
.)...###...........#
......##).........##
......########.#.##
......# #..)# ......##
###@# )......# #o#
.....#..?#######.######
....##
#......)..............
.####
.!....#.##.######......
.# .....
#........##...... ..
.### ####.###.........
#.. #.##.......... .
###.............
#######...............
...............# ## .#


You could see an orc.

Vanquished Creatures
  An orc wizard (D:3)
  A worker ant (D:3)
  4 adders
  2 oozes
  2 giant geckos (D:1)
  3 orcs (D:3)
  4 giant cockroaches
  5 goblins
  9 hobgoblins
  7 kobolds
  A quokka (D:2)
  8 bats
  A giant newt (D:1)
  22 rats
70 creatures vanquished.

Notes
Turn   | Place    | Note
--------------------------------------------------------------
     0 | D:1      | FIQ the Vine Stalker Fighter began the quest for the Orb.
     0 | D:1      | Reached XP level 1. HP: 11/11 MP: 2/2
    32 | D:1      | Reached XP level 2. HP: 13/16 MP: 3/3
   404 | D:1      | Reached XP level 3. HP: 19/19 MP: 4/4
   911 | D:2      | Found a blossoming altar of Fedhas.
   925 | D:2      | Reached skill level 3 in Fighting
  1222 | D:2      | Reached XP level 4. HP: 21/24 MP: 5/5
  1937 | D:3      | Reached XP level 5. HP: 25/28 MP: 6/6
  2027 | D:3      | Slain by an orc

Vault maps used:
D:1:      erik_arrival_orb_chamber
D:2:      fedhas_altar_2, nrook_loot_triangle
D:3:      grunt_temple_overflow_order_and_chaos_1, first_bread

Action                   |  1- 3 |  4- 6 || total
-------------------------+-------+-------++-------
Melee: Rapier            |   123 |   114 ||   237
  Use: Potion            |       |     1 ||     1
  Eat: Chunk             |     1 |     3 ||     4
